 Dungeon Crawl Stone Soup version 0.28-a0-803-g74956062c1 (webtiles) character file.

Game seed: 6724650302275936772

410 Decritt the Conjurer (level 6, -3/29 (33) HPs)
             Began as a Deep Elf Conjurer on Nov 7, 2021.
             Slain by Edmund (4 damage)
             ... on level 4 of the Dungeon.
             The game lasted 00:11:40 (3923 turns).

Decritt the Conjurer (Deep Elf Conjurer)            Turns: 3923, Time: 00:11:41

HP:   -3/29 (33)    AC:  4    Str:  4    XL:     6   Next: 58%
MP:   11/15         EV: 12    Int: 25    God:
Gold: 90            SH:  0    Dex: 13    Spells: 12/15 levels left

rFire   . . .      SeeInvis .   g - +2 hand crossbow (vorpal)
rCold   . . .      Faith    .   (no shield)
rNeg    . . .      Spirit   .   k - +0 leather armour
rPois   .          Reflect  .   j - +0 helmet
rElec   .          Harm     .   (no cloak)
rCorr   .          Rampage  .   (no gloves)
Will    .....                   (no boots)
Stlth   +.........              (no amulet)
HPRegen 0.09/turn               (no ring)
MPRegen 0.14/turn               (no ring)

@: confused, ambrosia-drunk, heavily drained
A: no striking features
a: no special abilities


You were on level 4 of the Dungeon.
You visited 1 branch of the dungeon, and saw 4 of its levels.
You also visited: Sewer.

You collected 90 gold pieces.

Inventory:

Hand Weapons
 g - a +2 vorpal hand crossbow (weapon)
 h - a +1 vampiric dagger
Missiles
 c - 16 poisoned darts
 m - 18 bolts (quivered ammo)
Armour
 a - a +0 robe
 j - a +0 helmet (worn)
 k - a +0 leather armour (worn)
Jewellery
 b - an amulet of faith
Scrolls
 d - a scroll of amnesia
 o - a scroll of enchant armour
Potions
 f - a potion of flight
 p - a potion of haste {unknown}
 s - a potion of might {unknown}
 t - a potion of heal wounds {unknown}


   Skills:
 + Level 0.4 Fighting
 * Level 4.3 Dodging
 - Level 2.4 Stealth
 + Level 5.3 Spellcasting
 - Level 7.0 Conjurations


You had 12 spell levels left.
You knew the following spells:

 Your Spells              Type           Power      Damage    Failure   Level
a - Magic Dart            Conj           100%       1d8       1%          1
b - Searing Ray           Conj           82%        2d7       1%          2

Your spell library contained the following spells:

 Spells                   Type           Power      Damage    Failure   Level
 Dazzling Flash           Conj/Hex       48%        N/A       10%         3
 Fulminant Prism          Conj/Hex       12%        3d9       32%         4
 Iskenderun's Mystic Bla  Conj/Tloc      24%        2d7       32%         4


Dungeon Overview and Level Annotations

Branches:
Dungeon (4/15)              Sewer (visited)
 Temple: D:4-7

Altars:

Annotations:
D:4 Edmund


Message History

Press: ? - help, Shift-Dir - straight line, f - Edmund
Aim: Edmund, wielding a +2 dire flail of draining and wearing a +0 chain mail (87% to hit)
The searing ray hits Edmund.
Edmund is lightly wounded. (Press . to maintain the ray.) Edmund barely misses you.
The searing ray hits Edmund but does no damage.
Edmund is lightly wounded.
Edmund hits you with a +2 dire flail of draining!
You feel drained.
The searing ray hits Edmund.
Edmund is lightly wounded.
Edmund hits you with a +2 dire flail of draining.
* * * LOW HITPOINT WARNING * * *
You feel drained.
* * * LOW HITPOINT WARNING * * *
The searing ray hits Edmund.
Edmund is moderately wounded.
You finish channelling your searing ray.
Edmund barely misses you. Edmund barely misses you.
Casting: Searing Ray (safe; 1% risk of failure)
Confirm with . or Enter, or press ? or * to list all spells.
Aiming: Searing Ray (safe; 1% risk of failure)
Press: ? - help, Shift-Dir - straight line, f/p - Edmund
Aim: Edmund, wielding a +2 dire flail of draining and wearing a +0 chain mail (moderately wounded, 87% to hit)
The searing ray hits Edmund.
Edmund is moderately wounded. (Press . to maintain the ray.) Edmund hits you with a +2 dire flail of draining.
* * * LOW HITPOINT WARNING * * *
You feel drained.
* * * LOW HITPOINT WARNING * * *
Okay, then.
You are confused.
You feel invigorated.
Edmund hits you with a +2 dire flail of draining!
* * * LOW HITPOINT WARNING * * *
You feel drained.
You die...

#.####
#....#
####.##
#...##
###.#.#.##
.........#
###.#.#..#
##...#.#
##..#@#
#.......@.#
#.#######.#
# .# #


You could see Edmund.

Vanquished Creatures
  A sky beast (D:3)
  A kobold brigand (Sewer)
  Natasha (thrice) (D:3)
  An orc wizard (D:3)
  7 adders
  2 worms (Sewer)
  2 dart slugs
  3 orcs (D:3)
  5 bats
  5 endoplasms
  4 giant cockroaches
  6 goblins
  6 hobgoblins
  3 jackals (D:3)
  6 kobolds
  4 quokkas
  8 ball pythons
  4 frilled lizards
  10 rats
81 creatures vanquished.

Notes
Turn   | Place    | Note
-------+----------+-------------------------------------------
     0 | D:1      | Decritt the Deep Elf Conjurer began the quest for the Orb.
     0 | D:1      | Reached XP level 1. HP: 10/10 MP: 6/6
   536 | D:1      | Reached XP level 2. HP: 15/15 MP: 5/8
   539 | D:1      | Learned a level 2 spell: Searing Ray
   906 | D:1      | Found a faded altar of an unknown god.
  1343 | D:2      | Reached skill level 5 in Conjurations
  1343 | D:2      | Reached XP level 3. HP: 19/19 MP: 4/10
  2048 | D:3      | Reached XP level 4. HP: 24/24 MP: 6/12
  2123 | D:3      | Found a glowing drain.
  2129 | Sewer    | Entered a sewer
  2133 | Sewer    | Reached skill level 5 in Spellcasting
  2402 | Sewer    | Noticed a kobold brigand
  2423 | Sewer    | Killed a kobold brigand
  2424 | Sewer    | Reached skill level 6 in Conjurations
  2424 | Sewer    | Reached XP level 5. HP: 10/28 MP: 6/14
  2918 | D:3      | Noticed Natasha
  2923 | D:3      | Killed Natasha
  3017 | D:3      | Noticed Natasha
  3046 | D:3      | Killed Natasha
  3087 | D:3      | Noticed a sky beast
  3098 | D:3      | Killed a sky beast
  3099 | D:3      | Reached skill level 7 in Conjurations
  3099 | D:3      | Reached XP level 6. HP: 32/32 MP: 8/15
  3474 | D:3      | Noticed Natasha
  3476 | D:3      | Killed Natasha
  3916 | D:4      | Noticed Edmund
  3923 | D:4      | HP: 1/30 [Edmund (9)]
  3923 | D:4      | Slain by Edmund

Illustrated notes

Levels and vault maps discovered:
D:1:      evilmike_arrival_crescent, layout_basic,
          hellmonk_ecumenical_altar_leap_of_faith
D:2:      layout_basic, minmay_box_of_dots
D:3:      layout_rooms, gup_sewer_entry_bowl, minmay_shallow_snake_nest,
          uniq_natasha
D:4:      layout_loops_ring, nicolae_stop_n_shop_1, chequers_jeans, uniq_edmund,
          uniq_eustachio, uniq_duvessa

Skill      XL: |  1  2  3  4  5 |
---------------+----------------+-----
Spellcasting   | 4 5 |  5.3
Conjurations   | 5 6 7 |  7.0
Dodging        | 3 4 |  4.3
Fighting       | |  0.4
Stealth        | |  2.4

Action                   |  1- 3 |  4- 6 || total
-------------------------+-------+-------++-------
Melee: Dagger            |     2 |    20 ||    22
       Hand crossbow     |       |     5 ||     5
 Fire: Hand crossbow     |       |    42 ||    42
Throw: Dart              |     1 |     5 ||     6
 Cast: Magic Dart        |    62 |    23 ||    85
       Searing Ray       |     5 |    16 ||    21
  Use: Scroll            |     4 |     6 ||    10
       Potion            |       |     1 ||     1
Armor: Leather armour    |       |    15 ||    15
Dodge: Dodged            |     5 |    38 ||    43

Table legend: (Time is in decaauts)
 A = Elapsed time spent in this place.
 B = Non-inter-level travel time spent in this place.
 C = Inter-level travel time spent in this place.
 D = Time resting spent in this place.
 E = Time spent auto-exploring this place.
 F = Levels seen in this place.
 G = Mean time per level.
                   A        B        C        D        E       F      G
               +--------+--------+--------+--------+--------+-----+--------+
         Total |   4010 |   3929 |     81 |    682 |   2652 |   5 |  802.0 |
       Dungeon |   3180 |   3099 |     81 |    300 |   2343 |   4 |  795.0 |
         Sewer |    829 |    829 |      0 |    382 |    309 |   1 |  829.0 |
               +--------+--------+--------+--------+--------+-----+--------+

Top non-repeatable levels by time:
     D:2: 1121 daAuts
     D:1: 1047 daAuts
     D:3: 979 daAuts
   Sewer: 829 daAuts
     D:4: 31 daAuts
